 Dungeon Crawl Stone Soup version 0.19-a0-821-gf489216 (webtiles) character file.

27 Gruud the Insei (level 2, -4/21 HPs)
             Began as a Demonspawn Transmuter on June 29, 2016.
             Slain by a gnoll
             ... wielding a +0 flail
              (10 damage)
             ... on level 1 of the Dungeon.
             The game lasted 00:02:32 (711 turns).

Gruud the Insei (Demonspawn Transmuter)              Turns: 711, Time: 00:02:33

Health: -4/21      AC:  2    Str: 10    XL:     2   Next: 93%
Magic:  1/5        EV: 12    Int: 14    God:
Gold:   91         SH:  0    Dex: 13    Spells: 2 memorised, 2 levels left

rFire  . . .     SeeInvis .       - Unarmed
rCold  . . .     Gourm    .     b - +0 robe
rNeg   . . .     Faith    .     (no shield)
rPois  .         Spirit   .     (no helmet)
rElec  .         Dismiss  .     (no cloak)
rCorr  .         Reflect  .     (no gloves)
SustAt .         Harm     .     (no boots)
MR     .....                    (no amulet)
Stlth  +.........               (no ring)
                                (no ring)

@: not resistant to hostile enchantments, very unstealthy
A: talons 1
a: no special abilities


You were on level 1 of the Dungeon.
You were not hungry.

You visited 1 branch of the dungeon, and saw 1 of its levels.

You collected 91 gold pieces.

Inventory:

Missiles
 a - 18 arrows
Armour
 b - a +0 robe (worn)
Scrolls
 e - 2 scrolls of remove curse {unknown}
 g - 3 scrolls of identify {unknown}
 h - a scroll of immolation {unknown}
 i - a scroll of teleportation {unknown}
Books
 c - a book of Changes

   Spells                             Type                      Level
   a - Beastly Appendage              Transmutation                1
   b - Sticks to Snakes               Transmutation                2
   c - Spider Form                    Transmutation/Poison         3
   d - Ice Form                       Ice/Transmutation            4
   e - Blade Hands                    Transmutation                5
Comestibles
 d - a bread ration
 f - 5 chunks of flesh


   Skills:
 - Level 1.0 Fighting
 - Level 1.7 Dodging
 * Level 3.2 Unarmed Combat
 - Level 2.0 Spellcasting
 * Level 2.5 Transmutations


You had 2 spell levels left.
You knew the following spells:

 Your Spells              Type           Power        Failure   Level  Hunger
a - Beastly Appendage     Tmut           #.....       10%         1    ##.....
b - Sticks to Snakes      Tmut           #.......     14%         2    ###....


Dungeon Overview and Level Annotations

Branches:
Dungeon (1/15)

Altars:


Innate Abilities, Weirdness & Mutations

You have sharp toenails.


Message History

The gnoll is constricted.
Your adder bites the gnoll but does no damage.
The gnoll hits your adder with a flail!
Something barely misses the gnoll.
The gnoll is constricted.
Your adder bites the gnoll but does no damage.
The gnoll hits your adder with a flail.
Your adder dies!
Something barely misses the gnoll.
The gnoll is constricted.
The gnoll struggles to escape constriction.
Something bites the gnoll.
The gnoll is constricted.
Something bites the gnoll but does no damage.
The gnoll is constricted.
The gnoll closely misses something.
Something bites the gnoll but does no damage.
The gnoll is constricted.
The gnoll hits something with a flail.
The gnoll shouts!
Your horns disappear.
You closely miss the gnoll. Your kick misses the gnoll.
The gnoll is almost dead.
The gnoll hits you with a flail!
You die...

#..####..####.........#
##..# ##.##............
##.####...............
#...#####...#........
###.## ##...#.###.... ###
#..###......# #.... ....
##....S###########. .....
####..### #.....
......####@g.....### #.....
.......)...#####...###.....
...........................
......############.[.......
...... ########## ..... #
##### #


You could see a gnoll.

Vanquished Creatures
  2 dart slugs (D:1)
  2 bats (D:1)
  A giant cockroach (D:1)
  A goblin (D:1)
  4 hobgoblins (D:1)
  2 jackals (D:1)
  A kobold (D:1)
  9 rats (D:1)
22 creatures vanquished.

Notes
Turn   | Place    | Note
--------------------------------------------------------------
     0 | D:1      | Gruud the Demonspawn Transmuter began the quest for the Orb.
     0 | D:1      | Reached XP level 1. HP: 15/15 MP: 3/3
   174 | D:1      | Reached skill level 3 in Unarmed Combat
   239 | D:1      | Gained mutation: You have sharp toenails. [demonic ancestry]
   239 | D:1      | Reached XP level 2. HP: 13/21 MP: 5/5
   243 | D:1      | Learned a level 2 spell: Sticks to Snakes
   623 | D:1      | HP: 1/21 [goblin/club (4)]
   711 | D:1      | Slain by a gnoll

Vault maps used:
D:1:      mrwooster_arrival_statue_2, minmay_misc_feat_tower,
          minmay_split_cup_large

Skill      XL: |  1 |
---------------+----+-----
Transmutations | 2 |  2.5
Unarmed Combat | 3 |  3.2
Fighting       | |  1.0
Dodging        | |  1.7
Spellcasting   | |  2.0

Action                   || total
-------------------------++-------
Melee: Unarmed           ||   103
       Kick              ||    10
       Headbutt          ||     1
       Punch             ||     1
 Cast: Beastly Appendage ||     4
       Sticks to Snakes  ||     2
 Stab: Sleeping          ||     1
Armor: Robe              ||    19
Dodge: Dodged            ||    61
